MLB
ARIZONA DIAMONDBACKS @ SAN DIEGO PADRES
07/01/2044
 
TOP OF THE 1ST
Arizona Diamondbacks batting - Pitching for San Diego Padres : RHP Toby Williams
Pitching: RHP Toby Williams
Batting: LHB Roy Steigerwald 0-0: Ground out U3 (Groundball, 3, EV 90.0 MPH)
Batting: RHB David Price Jr. 0-0: Ball
1-0: DOUBLE (Line Drive, 78D, EV 111.2 MPH)
Batting: LHB Eric Klasek 0-0: Ball
1-0: Foul Ball, location: 2F
1-1: Foul Ball, location: 2F
1-2: Strikes out swinging
Batting: SHB Alec Thorpe 0-0: Called Strike
0-1: Ball
1-1: Fly out, F6 (Popup, P, EV 82.5 MPH)
Top of the 1st over - 0 runs, 1 hit, 0 errors, 1 left on base; Arizona 0 - San Diego 0
BOTTOM OF THE 1ST
San Diego Padres batting - Pitching for Arizona Diamondbacks : RHP Miguel Martinez
Pitching: RHP Miguel Martinez
Batting: LHB Per Meulengracht 0-0: Foul Ball, location: 2F
0-1: Ball
1-1: Swinging Strike
1-2: Foul Ball, location: 2F
1-2: Ground out 1-3 (Groundball, 15S, EV 71.9 MPH)
Batting: RHB Bobby Ayala 0-0: Ball
1-0: Foul Ball, location: 2F
1-1: Foul Ball, location: 2F
1-2: Ball
2-2: Ground out 5-3 (Groundball, 56S, EV 66.2 MPH)
Batting: LHB Mike Holt 0-0: Ball
1-0: Ball
2-0: Fly out, F5 (Popup, 15, EV 73.1 MPH)
Bottom of the 1st over - 0 runs, 0 hits, 0 errors, 0 left on base; Arizona 0 - San Diego 0
TOP OF THE 2ND
Arizona Diamondbacks batting - Pitching for San Diego Padres : RHP Toby Williams
Batting: SHB Troy McClure 0-0: Called Strike
0-1: Swinging Strike
0-2: DOUBLE (Groundball, 3L, EV 106.2 MPH)
Batting: LHB Danny Dunham 0-0: Called Strike
0-1: Swinging Strike
0-2: Ball
1-2: Ball
2-2: Ball
3-2: Fly out, F4 (Popup, 4M, EV 69.4 MPH)
Batting: SHB Perry Tuckfard 0-0: Called Strike
0-1: Ball
1-1: Ball
2-1: Ball
3-1: SINGLE (Flyball, 78S, EV 89.4 MPH)
Troy McClure to third
Runner from 3rd tries for Home, SAFE, throw by LF to home
Batting: RHB Blake Ballard 0-0: Ball
1-0: Ball
2-0: Called Strike
2-1: Fly out, F9 (Flyball, 9D, EV 97.5 MPH)
Batting: LHB Kyle Beaulieu 0-0: Ball
1-0: Foul Ball, location: 2F
1-1: Ball
2-1: Foul Ball, location: 2F
2-2: Strikes out looking
Top of the 2nd over - 1 run, 2 hits, 0 errors, 1 left on base; Arizona 1 - San Diego 0
BOTTOM OF THE 2ND
San Diego Padres batting - Pitching for Arizona Diamondbacks : RHP Miguel Martinez
Batting: SHB Jerry Luckwell 0-0: Foul Ball, location: 2F
0-1: Ground out 6-3 (Groundball, 6S, EV 64.4 MPH)
Batting: RHB Cesar Breceda 0-0: Ball
1-0: Ball
2-0: Swinging Strike
2-1: Foul Ball, location: 2F
2-2: Foul Ball, location: 2F
2-2: Foul Ball, location: 2F
2-2: Ball
3-2: Fly out, F9 (Line Drive, 9, EV 92.5 MPH)
Batting: LHB Aaron LeBlanc 0-0: Called Strike
0-1: Foul Ball, location: 2F
0-2: Ball
1-2: Foul Ball, location: 2F
1-2: Hit by Pitch
Batting: RHB Chiel Palstermans 0-0: Foul Ball, location: 2F
0-1: Foul Ball, location: 2F
0-2: Ball
1-2: Ball
2-2: Fly out, F9 (Flyball, 89XD, EV 85.6 MPH)
Bottom of the 2nd over - 0 runs, 0 hits, 0 errors, 1 left on base; Arizona 1 - San Diego 0
TOP OF THE 3RD
Arizona Diamondbacks batting - Pitching for San Diego Padres : RHP Toby Williams
Batting: LHB Roy Steigerwald 0-0: Called Strike
0-1: Ball
1-1: Called Strike
1-2: Foul Ball, location: 2F
1-2: Foul Ball, location: 2F
1-2: Strikes out looking
Batting: RHB David Price Jr. 0-0: Called Strike
0-1: Foul Ball, location: 2F
0-2: Ball
1-2: Ball
2-2: Strikes out swinging
Batting: LHB Eric Klasek 0-0: Ball
1-0: Called Strike
1-1: Called Strike
1-2: Ground out 4-3 (Groundball, 4, EV 78.8 MPH)
Top of the 3rd over - 0 runs, 0 hits, 0 errors, 0 left on base; Arizona 1 - San Diego 0
BOTTOM OF THE 3RD
San Diego Padres batting - Pitching for Arizona Diamondbacks : RHP Miguel Martinez
Batting: LHB Andy Bowman 0-0: Foul Ball, location: 2F
0-1: Foul Ball, location: 2F
0-2: Hit by Pitch
Batting: RHB Alois Wollf 0-0: Called Strike
Andy Bowman is caught stealing 2nd base 2-4
0-1: Ball
1-1: Ground out 6-3 (Groundball, 6MD, EV 101.2 MPH)
Batting: LHB Per Meulengracht 0-0: Ball
1-0: Swinging Strike
1-1: Ball
2-1: Ground out U3 (Groundball, 3S, EV 66.9 MPH)
Bottom of the 3rd over - 0 runs, 0 hits, 0 errors, 0 left on base; Arizona 1 - San Diego 0
TOP OF THE 4TH
Arizona Diamondbacks batting - Pitching for San Diego Padres : RHP Toby Williams
Batting: SHB Alec Thorpe 0-0: Ball
1-0: Ball
2-0: Foul Ball, location: 2F
2-1: Ball
3-1: Base on Balls
Batting: SHB Troy McClure 0-0: Ball
1-0: Called Strike
1-1: Grounds into double play, 5-4-3 (Groundball, 56, EV 101.9 MPH)
Batting: LHB Danny Dunham 0-0: SOLO HOME RUN (Flyball, 9LD, EV 94.4 MPH), Distance : 339 ft
Batting: SHB Perry Tuckfard 0-0: Ball
1-0: Called Strike
1-1: Hit by Pitch
Batting: RHB Blake Ballard 0-0: Called Strike
0-1: Ball
1-1: Ball
Perry Tuckfard is caught stealing 2nd base 2-4
Top of the 4th over - 1 run, 1 hit, 0 errors, 0 left on base; Arizona 2 - San Diego 0
BOTTOM OF THE 4TH
San Diego Padres batting - Pitching for Arizona Diamondbacks : RHP Miguel Martinez
Batting: RHB Bobby Ayala 0-0: Called Strike
0-1: Ground out 5-3 (Groundball, 5S, EV 81.9 MPH)
Batting: LHB Mike Holt 0-0: Foul Ball, location: 2F
0-1: Called Strike
0-2: Ball
1-2: Ball
2-2: Ball
3-2: Foul Ball, location: 2F
3-2: Ground out 4-3 (Groundball, 4, EV 108.8 MPH)
Batting: SHB Jerry Luckwell 0-0: Foul Ball, location: 2F
0-1: Ground out 5-3 (Groundball, 56, EV 75.6 MPH)
Bottom of the 4th over - 0 runs, 0 hits, 0 errors, 0 left on base; Arizona 2 - San Diego 0
TOP OF THE 5TH
Arizona Diamondbacks batting - Pitching for San Diego Padres : RHP Toby Williams
Batting: RHB Blake Ballard 0-0: Foul Ball, location: 2F
0-1: Called Strike
0-2: Strikes out looking
Batting: LHB Kyle Beaulieu 0-0: Ball
1-0: Ball
2-0: Called Strike
2-1: Foul Ball, location: 2F
2-2: Ball
3-2: Strikes out swinging
Batting: LHB Roy Steigerwald 0-0: Foul Ball, location: 2F
0-1: Ball
1-1: Foul Ball, location: 2F
1-2: Foul Ball, location: 2F
1-2: Ball
2-2: Foul Ball, location: 2F
2-2: Ball
3-2: Base on Balls
Batting: RHB David Price Jr. 0-0: Ball
1-0: Ball
2-0: Called Strike
2-1: Ground out 5-3 (Groundball, 56S, EV 68.1 MPH)
Top of the 5th over - 0 runs, 0 hits, 0 errors, 1 left on base; Arizona 2 - San Diego 0
BOTTOM OF THE 5TH
San Diego Padres batting - Pitching for Arizona Diamondbacks : RHP Miguel Martinez
Batting: RHB Cesar Breceda 0-0: Called Strike
0-1: Called Strike
0-2: Ball
1-2: Fly out, F7 (Flyball, 7LD, EV 93.8 MPH)
Batting: LHB Aaron LeBlanc 0-0: Ball
1-0: Ball
2-0: Ball
3-0: Base on Balls
Batting: RHB Chiel Palstermans 0-0: Swinging Strike
0-1: Ball
1-1: Grounds into double play, 4-6-3 (Groundball, 4, EV 90.6 MPH)
Bottom of the 5th over - 0 runs, 0 hits, 0 errors, 0 left on base; Arizona 2 - San Diego 0
TOP OF THE 6TH
Arizona Diamondbacks batting - Pitching for San Diego Padres : RHP Toby Williams
Batting: LHB Eric Klasek 0-0: Ball
1-0: Called Strike
1-1: DOUBLE (Flyball, 5D, EV 92.5 MPH)
Batting: SHB Alec Thorpe 0-0: Ball
1-0: Foul Ball, location: 2F
1-1: Swinging Strike
1-2: Strikes out swinging
Batting: SHB Troy McClure 0-0: Ball
1-0: Ball
2-0: Called Strike
2-1: Fly out, F8 (Flyball, 8LM, EV 81.9 MPH)
Batting: LHB Danny Dunham 0-0: Called Strike
0-1: Ball
1-1: Ground out 6-3 (Groundball, 6, EV 81.2 MPH)
Top of the 6th over - 0 runs, 1 hit, 0 errors, 1 left on base; Arizona 2 - San Diego 0
BOTTOM OF THE 6TH
San Diego Padres batting - Pitching for Arizona Diamondbacks : RHP Miguel Martinez
Batting: LHB Andy Bowman 0-0: Ball
1-0: Ground out 2-3 (Groundball, 2R, EV 67.5 MPH)
Batting: RHB Alois Wollf 0-0: Ball
1-0: Called Strike
1-1: SINGLE (Groundball, 56S, EV 98.8 MPH)
Batting: LHB Per Meulengracht 0-0: Ball
1-0: Ball
Alois Wollf steals 2nd base
2-0: Foul Ball, location: 2F
2-1: Ball
3-1: Foul Ball, location: 2F
3-2: Base on Balls
Batting: RHB Bobby Ayala 0-0: Ball
1-0: Ball
2-0: Ball
3-0: Base on Balls
Alois Wollf to third
Per Meulengracht to second
Batting: LHB Mike Holt 0-0: Ball
1-0: Foul Ball, location: 2F
1-1: Ball
2-1: Fly out, F8 (Flyball, 8RD, EV 107.5 MPH)
Batting: SHB Jerry Luckwell 0-0: Foul Ball, location: 2F
0-1: Ball
1-1: Foul Ball, location: 2F
1-2: Ground out 1-3 (Groundball, 34S, EV 66.9 MPH)
Bottom of the 6th over - 0 runs, 1 hit, 0 errors, 3 left on base; Arizona 2 - San Diego 0
TOP OF THE 7TH
Arizona Diamondbacks batting - Pitching for San Diego Padres : RHP Toby Williams
Batting: SHB Perry Tuckfard 0-0: Ball
1-0: Foul Ball, location: 2F
1-1: Swinging Strike
1-2: Strikes out swinging
Batting: RHB Blake Ballard 0-0: Called Strike
0-1: Ball
1-1: Swinging Strike
1-2: Ball
2-2: Strikes out swinging
Pitching: LHP Tommy Hall
Batting: LHB Kyle Beaulieu 0-0: Ball
1-0: Ball
2-0: Ball
3-0: Base on Balls
Batting: LHB Roy Steigerwald 0-0: Called Strike
0-1: Ball
1-1: Ball
2-1: Fly out, F8 (Flyball, 8RD, EV 101.2 MPH)
Top of the 7th over - 0 runs, 0 hits, 0 errors, 1 left on base; Arizona 2 - San Diego 0
BOTTOM OF THE 7TH
San Diego Padres batting - Pitching for Arizona Diamondbacks : RHP Miguel Martinez
Batting: RHB Cesar Breceda 0-0: Called Strike
0-1: Ball
1-1: Ball
2-1: Foul Ball, location: 2F
2-2: Foul Ball, location: 2F
2-2: Ball
3-2: Foul Ball, location: 2F
3-2: Foul Ball, location: 2F
3-2: Strikes out looking
Batting: LHB Aaron LeBlanc 0-0: Ball
1-0: Foul Ball, location: 2F
1-1: Ball
2-1: Ball
3-1: Ground out 4-3 (Groundball, 4, EV 98.8 MPH)
Batting: RHB Chiel Palstermans 0-0: Ball
1-0: Ball
2-0: Ground out 4-3 (Groundball, 4, EV 86.9 MPH)
Bottom of the 7th over - 0 runs, 0 hits, 0 errors, 0 left on base; Arizona 2 - San Diego 0
TOP OF THE 8TH
Arizona Diamondbacks batting - Pitching for San Diego Padres : LHP Tommy Hall
Batting: RHB David Price Jr. 0-0: Ball
1-0: Called Strike
1-1: Called Strike
1-2: Ball
2-2: Ground out 5-3 (Groundball, 5, EV 86.2 MPH)
Batting: LHB Eric Klasek 0-0: Foul Ball, location: 2F
0-1: Ball
1-1: Ball
2-1: Ground out 6-3 (Groundball, 4MD, EV 102.5 MPH)
Batting: SHB Alec Thorpe 0-0: Ball
1-0: Ball
2-0: Called Strike
2-1: Foul Ball, location: 2F
2-2: Ball
3-2: SINGLE (Groundball, 56S, EV 71.9 MPH) (infield hit)
Batting: SHB Troy McClure 0-0: Called Strike
0-1: Called Strike
0-2: Ball
1-2: Fly out, F9 (Flyball, 89XD, EV 101.9 MPH)
Top of the 8th over - 0 runs, 1 hit, 0 errors, 1 left on base; Arizona 2 - San Diego 0
BOTTOM OF THE 8TH
San Diego Padres batting - Pitching for Arizona Diamondbacks : RHP Miguel Martinez
Batting: LHB Andy Bowman 0-0: SINGLE (Groundball, 6MD, EV 105.0 MPH) (infield hit)
Pinch Hitting: LHB Chris Moody 0-0: Ball
1-0: Fielders Choice at 2nd, U6 (Groundball, 4M, EV 88.8 MPH)
Batting: LHB Per Meulengracht 0-0: Ball
1-0: Ball
2-0: Ball
3-0: Called Strike
3-1: Base on Balls
Chris Moody to second
Pitching: RHP Gerardo Camacho
Batting: RHB Bobby Ayala 0-0: Ball
1-0: Ball
2-0: Called Strike
2-1: Ball
3-1: Swinging Strike
3-2: Grounds into double play, 6-4-3 (Groundball, 6, EV 91.2 MPH)
Bottom of the 8th over - 0 runs, 1 hit, 0 errors, 1 left on base; Arizona 2 - San Diego 0
TOP OF THE 9TH
Arizona Diamondbacks batting - Pitching for San Diego Padres : LHP Tommy Hall
Pitching: LHP Klaus Qvist
Now at 2B: Jerry Luckwell
Now at 3B: Alberto Cotto
Batting: RHB Billy Crookston 0-0: Called Strike
0-1: Foul Ball, location: 2F
0-2: Ground out 5-3 (Groundball, 56, EV 83.8 MPH)
Batting: SHB Perry Tuckfard 0-0: Ball
1-0: DOUBLE (Line Drive, 89XD, EV 98.8 MPH)
Batting: RHB Blake Ballard 0-0: Intentional Walk
Batting: LHB Kyle Beaulieu 0-0: Ball
1-0: Fly out, F7 (Flyball, 7D, EV 90.0 MPH)
Runner from 2nd tags up, SAFE at 3rd with throw by LF
Batting: LHB Roy Steigerwald 0-0: Ball
1-0: Fly out, F9 (Flyball, 9D, EV 86.9 MPH)
Top of the 9th over - 0 runs, 1 hit, 0 errors, 2 left on base; Arizona 2 - San Diego 0
BOTTOM OF THE 9TH
San Diego Padres batting - Pitching for Arizona Diamondbacks : RHP Gerardo Camacho
Batting: LHB Mike Holt 0-0: Foul Ball, location: 2F
0-1: Called Strike
0-2: Strikes out looking
Batting: SHB Jerry Luckwell 0-0: Ball
1-0: Ball
2-0: Called Strike
2-1: Foul Ball, location: 2F
2-2: Ball
3-2: Foul Ball, location: 2F
3-2: Base on Balls
Batting: RHB Cesar Breceda 0-0: Ball
1-0: Called Strike
1-1: Foul Ball, location: 2F
1-2: Ball
2-2: Foul Ball, location: 2F
2-2: Foul Ball, location: 2F
2-2: Ball
3-2: Strikes out swinging
Batting: LHB Aaron LeBlanc 0-0: Foul Ball, location: 2F
0-1: Called Strike
0-2: Fly out, F9 (Line Drive, 9, EV 95.0 MPH)
Bottom of the 9th over - 0 runs, 0 hits, 0 errors, 1 left on base; Arizona 2 - San Diego 0
Thursday, March 31st , 2022 - OOTP Baseball 22.12 Build 89